 Dungeon Crawl Stone Soup version 0.17.1-2-g5865329 (webtiles) character file.

39 Moresty the Covered (level 3, -4/33 HPs)
             Began as a Minotaur Fighter on Jan 13, 2016.
             Killed from afar by Natasha (5 damage)
             ... with a wand of flame
             ... on level 2 of the Dungeon.
             The game lasted 00:03:50 (967 turns).

Moresty the Covered (Minotaur Fighter)               Turns: 967, Time: 00:03:52

Health: -4/33      AC:  7    Str: 21    XL:     3   Next: 26%
Magic:  2/2        EV:  7    Int:  5    God:
Gold:   38         SH:  9    Dex:  9    Spells: 0 memorised, 2 levels left

rFire  . . .     SeeInvis .     a - +0 long sword
rCold  . . .     Clarity  .     b - +0 scale mail
rNeg   . . .     SustAt   .     c - +0 shield
rPois  .         Gourm    .     (helmet restricted)
rElec  .         Spirit   .     (no cloak)
rCorr  .         Warding  .     (no gloves)
rMut   .         Stasis   .     (no boots)
MR     .....                    (no amulet)
Stlth  ..........               (no ring)
                                k - ring of flight

@: slowed, very slow, not resistant to hostile enchantments, extremely
unstealthy
A: retaliatory headbutt, horns 2
a: Evoke Flight


You were on level 2 of the Dungeon.
You were not hungry.

You visited 1 branch of the dungeon, and saw 2 of its levels.

You collected 38 gold pieces.

Inventory:

Hand Weapons
 a - a +0 long sword (weapon)
 l - a +2 short sword of draining
Armour
 b - a +0 scale mail (worn)
 c - a +0 shield (worn)
Jewellery
 k - a ring of flight (left hand)
Scrolls
 f - a scroll of enchant armour {unknown}
 g - 2 scrolls of amnesia {unknown}
 j - 2 scrolls of identify {unknown}
 m - a scroll of blinking {unknown}
 p - a scroll of fog {unknown}
Potions
 d - a potion of might
 i - a potion of mutation {unknown}
 r - a potion of agility
 s - a potion of curing {unknown}
 t - a potion of poison {unknown}
 v - a potion of heal wounds {unknown}
Comestibles
 e - 2 bread rations
 h - a beef jerky
 n - a slice of pizza
 o - a royal jelly
 q - 6 chunks of flesh
 u - a meat ration


   Skills:
 + Level 3.8 Fighting
 + Level 2.7 Long Blades
 + Level 4.3 Armour
 + Level 4.3 Shields


You had 2 spell levels left.
You didn't know any spells.

Dungeon Overview and Level Annotations

Branches:
Dungeon (2/15)

Altars:
Cheibriados
Elyvilon

Annotations:
D:2 Natasha


Innate Abilities, Weirdness & Mutations

You reflexively headbutt those who attack you in melee.
You have a pair of horns on your head.


Message History

Natasha stares at you and mumbles some strange words.
The magic dart hits you!
* * * LOW HITPOINT WARNING * * *
The crimson imp shouts, "Beg for mercy, thou mangled clapper-clawed pimple!"
Your shield and scale mail prevent you from hitting the crimson imp.
The crimson imp disappears in a puff of smoke!
The crimson imp blinks!
You hit the shadow imp.
The shadow imp is lightly wounded.
The shadow imp hits you but does no damage.
Natasha mumbles some strange words.
Natasha glows brightly for a moment.
The shadow imp barely misses you.
You slash the shadow imp! You headbutt the shadow imp.
You kill the shadow imp!
The crimson imp disappears in a puff of smoke!
Natasha zaps a wand.
The puff of flame hits you!
* * * LOW HITPOINT WARNING * * *
Natasha zaps a wand.
The puff of flame hits you!
You die...

....#####..........#P#P
....).##...............
##......<............##
##.....#............#
#....##.....h......#
##..........#.#####...
##...#.#####...# ###
#..............###
.......######...@#
.........(#....h§..#
.......#...............
.....)#####........####
##...## #..........
##)## #........#.. ###
#........##..
#........# ##


You could see Natasha.

Vanquished Creatures
  2 giant geckos
  4 goblins
  5 hobgoblins
  9 bats (D:1)
  A giant cockroach (D:1)
  2 giant newts (D:1)
  5 kobolds
  10 rats
38 creatures vanquished.

Notes
Turn   | Place    | Note
--------------------------------------------------------------
     0 | D:1      | Moresty the Minotaur Fighter began the quest for the Orb.
     0 | D:1      | Reached XP level 1. HP: 19/19 MP: 0/0
   225 | D:1      | Reached skill level 4 in Armour
   228 | D:1      | Reached XP level 2. HP: 26/26 MP: 1/1
   784 | D:1      | Reached XP level 3. HP: 29/33 MP: 2/2
   946 | D:2      | Found a snail-covered altar of Cheibriados.
   949 | D:2      | Noticed Natasha
   955 | D:2      | Found a white marble altar of Elyvilon.
   967 | D:2      | HP: 1/33 [Natasha/wand of flame (7)]
   967 | D:2      | Killed from afar by Natasha

Action                   || total
-------------------------++-------
Melee: Long sword        ||    95
